 Dungeon Crawl Stone Soup version 0.30-a0-2-gf48d83f5e2 (webtiles) character file.

Game seed: 17025760488209607837

753 kae the Firebug (level 7, -14/40 HPs)
             Began as a Deep Elf Fire Elementalist on Aug 19, 2022.
             Was an Initiate of Vehumet.
             Killed from afar by a steam dragon (20 damage)
             ... with a ball of steam
             ... on level 6 of the Dungeon.
             The game lasted 00:04:43 (5254 turns).

kae the Firebug (Deep Elf Fire Elementalist)        Turns: 5254, Time: 00:04:44

Health: -14/40     AC:  3    Str:  5    XL:     7   Next: 49%
Magic:  8/16       EV: 13    Int: 22    God:    Vehumet [......]
Gold:   398        SH:  0    Dex: 15    Spells: 3/16 levels left

rFire   . . .      SeeInvis +    (no weapon)
rCold   . . .      Faith    .    (no shield)
rNeg    . . .      Spirit   .    a - +1 robe
rPois   .          Reflect  .    (no helmet)
rElec   .          Harm     .    (no cloak)
rCorr   .          Rampage  .    (no gloves)
Will    .....                    (no boots)
Stlth   ++........               (no amulet)
HPRegen 0.13/turn                v - ring of see invisible
MPRegen 0.15/turn                (no ring)

@: no status effects
A: no striking features
a: Renounce Religion


You were on level 6 of the Dungeon.
You worshipped Vehumet.
Vehumet was noncommittal.
You visited 2 branches of the dungeon, and saw 7 of its levels.

You collected 398 gold pieces.


   Skills:
 + Level 2.2 Fighting
 + Level 4.1 Dodging
 - Level 2.4 Stealth
 + Level 5.1 Spellcasting
 * Level 4.9 Conjurations
 * Level 6.0 Fire Magic


You had 3 spell levels left.
You knew the following spells:

 Your Spells              Type           Power      Damage    Failure   Level
a - Foxfire               Conj/Fire      100%       2x1d9     1%          1
b - Scorch                Fire           64%        2d8       1%          2
c - Conjure Flame         Conj/Fire      29%        6-21      3%          3
d - Inner Flame           Hex/Fire       18%        N/A       9%          3
e - Flame Wave            Conj/Fire      29%        2d9       11%         4

Your spell library contained the following spells:

 Spells                   Type           Power      Damage    Failure   Level
 Beastly Appendage        Tmut           10%        N/A       10%         1
 Sandblast                Erth           10%        2d5       10%         1
 Stone Arrow              Conj/Erth      32%        3d9       11%         3
 Ignite Poison            Fire/Tmut/Pois 14%        N/A       13%         3
 Passwall                 Tmut/Erth      4%         N/A       16%         2
 Sublimation of Blood     Necr           5%         N/A       16%         2
 Wereblood                Tmut           5%         N/A       16%         2
 Spider Form              Tmut/Pois      5%         N/A       30%         3
 Sticky Flame             Conj/Fire      29%        2d5       11%         4
 Petrify                  Tmut/Erth      5%         N/A       69%         4
 Irradiate                Conj/Tmut      8%         3d14      69%         5
 Summon Hydra             Summ           2%         N/A       100%        7
 Borgnjor's Revivificati  Necr           2%         N/A       100%        8
 Necromutation            Tmut/Necr      2%         N/A       100%        8
 Death's Door             Necr           2%         N/A       100%        9

Inventory:

Missiles
 e - 2 javelins
 f - 2 datura-tipped darts
 h - 63 stones
 w - 3 poisoned darts
 y - 2 boomerangs
Armour
 a - a +1 robe (worn)
Jewellery
 g - an amulet of magic regeneration
   (You found it on level 5 of the Dungeon)
 v - a ring of see invisible (left hand)
   (You found it on level 3 of the Dungeon)
 C - a ring of ice
   (You found it on level 1 of the Dungeon)
 E - a +4 ring of evasion
   (You found it on level 6 of the Dungeon)
Wands
 z - a wand of light (13)
   (You found it on level 4 of the Dungeon)
Scrolls
 i - a scroll of teleportation {@r4}
 j - 3 scrolls of enchant armour
 m - a scroll of fear
 n - a scroll of vulnerability {!r!r}
 q - a scroll of silence {unknown}
 x - a scroll of noise {unknown}
Potions
 b - a potion of magic
 c - 2 potions of attraction {!q}
 d - a potion of brilliance {unknown}
 k - 2 potions of degeneration {unknown}
 l - a potion of ambrosia {unknown}
 p - 2 potions of might {unknown}
 r - a potion of flight {unknown}
 s - a potion of berserk rage {unknown}
 t - 3 potions of curing {@q1}
 u - 2 potions of cancellation {unknown}
 A - a potion of lignification {unknown}

Dungeon Overview and Level Annotations

Branches:
Dungeon (6/15) Zot: 26585  Temple (1/1) D:6 Zot: 5929

Altars:
Ashenzari
Cheibriados
Fedhas
Gozag
Qazlal
Ru
Sif Muna
Vehumet
Wu Jian
The Shining One

Shops:
D:4 [

Annotations:
D:3 3 runed translucent doors, yokelz's ghost, amateur MiBe
D:5 exclusion: 2 ice beasts

.._............#
##.#...........#####
+................... .
#....#######..#######..
#....# #...........
#$...# #§..........
####....## #§§§.......(
.........# #.§#######..
.........# #.@#
.........# #§D#
.........# #.§#
.........# #..#
.........# #...
.........# ....
.........# .###
.........# #.
.........#


You could see a steam dragon (catching breath, combustible).


Message History

The foxfire hits the shadow imp. x2
You kill the shadow imp!
Vehumet accepts your kill. 😎 MP[-1]
You lost 1 mp, and now have 14/16 mp. 😎 MP[+1]
You hear the brisk hiss of a distant avalanche of sand. 😎 MP[+1]
Your mp is fully restored (16).
Found a broken altar of Ashenzari.
An iguana comes into view.
Casting: Foxfire (safe; 1% risk of failure)
Confirm with . or Enter, or press ? or * to list all spells.
You conjure some foxfire! 😎 MP[-1]
You lost 1 mp, and now have 15/16 mp.
Casting: Foxfire (safe; 1% risk of failure)
Confirm with . or Enter, or press ? or * to list all spells.
You conjure some foxfire!
The iguana hisses angrily.
The foxfire hits the iguana but does no damage.
The foxfire hits the iguana.
The foxfire hits the iguana but does no damage.
The foxfire hits the iguana. 😎 MP[-1]
You lost 1 mp, and now have 14/16 mp.
Casting: Foxfire (safe; 1% risk of failure)
Confirm with . or Enter, or press ? or * to list all spells.
You conjure some foxfire!
The foxfire hits the iguana!
You kill the iguana!
Vehumet accepts your kill.
Your Dodging skill increases to level 4! 😎 MP[-1]
You lost 1 mp, and now have 13/16 mp.
Unknown command. 😎 MP[+1]
A scorpion comes into view.
Casting: Foxfire (safe; 1% risk of failure)
Confirm with . or Enter, or press ? or * to list all spells.
You conjure some foxfire!
The foxfire hits the scorpion. x2 😎 MP[-1]
You lost 1 mp, and now have 13/16 mp.
Casting: Foxfire (safe; 1% risk of failure)
Confirm with . or Enter, or press ? or * to list all spells.
You conjure some foxfire!
The foxfire hits the scorpion!
The foxfire hits the scorpion but does no damage.
Casting: Foxfire (safe; 1% risk of failure)
Confirm with . or Enter, or press ? or * to list all spells.
Flames lash the scorpion.
You kill the scorpion!
Vehumet accepts your kill.
Your Fire Magic skill increases to level 6! 😎 MP[-2]
You lost 2 mp, and now have 11/16 mp.
Unknown command. 😎 MP[+1]
Casting: Scorch (safe; 1% risk of failure)
Confirm with . or Enter, or press ? or * to list all spells.
You can't see any susceptible monsters within range! (Use Z to cast anyway.)
Casting: Scorch (safe; 1% risk of failure)
Confirm with . or Enter, or press ? or * to list all spells.
You conjure some foxfire!
The steam dragon hisses angrily.
The steam dragon breathes steam at you. The ball of steam hits you!
You are engulfed in a cloud of scalding steam.
* * * LOW HITPOINT WARNING * * *
The foxfire hits the steam dragon. x2 😨 HP[-26] MP[-1]
You take 26 damage, and now have 14/40 hp.
MASSIVE DAMAGE!! (PAUSE)
You lost 1 mp, and now have 11/16 mp.
You feel much better.
You are engulfed in a cloud of scalding steam. 😕 HP[+18]
You regained 18 hp, and now have 32/40 hp.
Casting: Foxfire (safe; 1% risk of failure)
Confirm with . or Enter, or press ? or * to list all spells.
Flames lash the steam dragon.
The steam dragon's fire resistance burns away.
You are engulfed in a cloud of scalding steam.
You are engulfed in a cloud of scalding steam.
* * * LOW HITPOINT WARNING * * *
The steam dragon breathes steam at you. The ball of steam hits you!
* * * LOW HITPOINT WARNING * * *
😱 HP[-26] MP[-1]
You take 26 damage, and now have 6/40 hp.
MASSIVE DAMAGE!! (PAUSE)
You lost 1 mp, and now have 10/16 mp.
Casting: Scorch (safe; 1% risk of failure)
Confirm with . or Enter, or press ? or * to list all spells.
Flames lash the steam dragon but do no damage.
The steam dragon breathes steam at you. The ball of steam hits you!!
Ouch! That really hurt!
You die...

Skill      XL: |  1  2  3  4  5  6  7 |
---------------+----------------------+-----
Conjurations   | 2 3 4 |  4.9
Fire Magic     | 4 5 6 |  6.0
Fighting       | 1 2 |  2.2
Dodging        | 3 4 |  4.1
Spellcasting   | 4 5 |  5.1
Stealth        | |  2.4

Action                   |  1- 3 |  4- 6 |  7- 9 || total
-------------------------+-------+-------+-------++-------
Melee: Unarmed           |     2 |     1 |       ||     3
 Cast: Foxfire           |    58 |    85 |    16 ||   159
       Scorch            |     4 |    14 |     9 ||    27
       Conjure Flame     |       |     2 |       ||     2
  Use: Scroll            |       |    11 |     1 ||    12
       Potion            |       |       |     1 ||     1
Armor: Robe              |     1 |     1 |     1 ||     3
Dodge: Dodged            |     4 |    10 |     2 ||    16

Levels and vault maps discovered:
D:1:      moated_graveyard_arrival, layout_basic
D:2:      layout_basic, uniq_jessica
D:3:      layout_basic, gammafunk_ghost_split
D:4:      layout_cave_pools, nicolae_gozag_seed_capital, serial_shops,
          nicolae_stop_n_shop_2, kennysheep_generic_room_9
D:5:      layout_basic
D:6:      layout_basic, ashenzari_altar_1, temple_green,
          gup_ossuary_entry_pyramid, minmay_misc_feat_tower
Temple:   eino_temple_scatter_basement

Notes
Turn   | Place    | Note
-------+----------+-------------------------------------------
     0 | D:1      | kae the Deep Elf Fire Elementalist began the quest for the
                  | Orb.
     0 | D:1      | Reached XP level 1. HP: 10/10 MP: 6/6
     0 | D:1      | magus.rc [v1.11.3]
   202 | D:1      | Reached XP level 2. HP: 15/15 MP: 1/8
   399 | D:1      | Reached skill level 2 in Conjurations
   495 | D:1      | Learned a level 2 spell: Scorch
   627 | D:1      | You add the spells Borgnjor's Revivification, Necromutation
                  | and Death's Door to your library.
   904 | D:2      | Reached XP level 3. HP: 19/19 MP: 7/9
  1216 | D:2      | Noticed Jessica
  1220 | D:2      | Killed Jessica
  1221 | D:2      | Reached skill level 4 in Fire Magic
  1422 | D:2      | Reached XP level 4. HP: 24/24 MP: 9/11
  1503 | D:2      | You pick up a book of Geomancy and begin reading...
  1503 | D:2      | You add the spells Sandblast, Passwall and Stone Arrow to
                  | your library.
  1682 | D:3      | Learned a level 3 spell: Conjure Flame
  1761 | D:3      | Found a runed translucent gate.
  1763 | D:3      | Found a runed translucent gate.
  1763 | D:3      | Found a runed translucent gate.
  1770 | D:3      | Noticed yokelz's ghost (amateur MiBe)
  2157 | D:3      | You pick up a book of Blood and begin reading...
  2157 | D:3      | You add the spells Sublimation of Blood, Wereblood and
                  | Summon Hydra to your library.
  2263 | D:3      | Reached skill level 1 in Fighting
  2263 | D:3      | Reached skill level 3 in Dodging
  2263 | D:3      | Reached skill level 3 in Conjurations
  2263 | D:3      | Reached XP level 5. HP: 26/29 MP: 5/12
  2753 | D:4      | Reached skill level 4 in Spellcasting
  2759 | D:4      | Learned a level 3 spell: Inner Flame
  2841 | D:4      | Found Viess's Armour Emporium.
  2882 | D:4      | You pick up a book of Changes and begin reading...
  2882 | D:4      | You add the spells Beastly Appendage and Spider Form to
                  | your library.
  2884 | D:4      | Noticed an ogre
  2894 | D:4      | Killed an ogre
  2895 | D:4      | Reached skill level 5 in Fire Magic
  2895 | D:4      | Reached XP level 6. HP: 34/34 MP: 6/14
  2966 | D:4      | You pick up a book of Alchemy and begin reading...
  2966 | D:4      | You add the spells Petrify and Irradiate to your library.
  3001 | D:4      | Learned a level 4 spell: Flame Wave
  3010 | D:4      | Found an opulent altar of Gozag.
  3388 | D:5      | Entered Level 5 of the Dungeon
  3388 | D:5      | Noticed an ice beast
  3410 | D:5      | Noticed an ice beast
  3703 | D:5      | Noticed a water moccasin
  3718 | D:5      | Killed a water moccasin
  3719 | D:5      | Reached skill level 4 in Conjurations
  4205 | D:5      | Reached XP level 7. HP: 39/39 MP: 12/16
  4229 | D:5      | You add the spells Ignite Poison and Sticky Flame to your
                  | library.
  4295 | D:5      | Reached skill level 2 in Fighting
  4795 | D:6      | Reached skill level 5 in Spellcasting
  4985 | D:6      | Found a staircase to the Ecumenical Temple.
  4991 | Temple   | Entered the Ecumenical Temple
  5042 | Temple   | Became a worshipper of Vehumet
  5066 | D:6      | Noticed a steam dragon
  5218 | D:6      | Found a broken altar of Ashenzari.
  5233 | D:6      | Reached skill level 4 in Dodging
  5241 | D:6      | Reached skill level 6 in Fire Magic
  5253 | D:6      | HP: 6/40 [steam dragon/ball of steam (11)]
  5254 | D:6      | Killed from afar by a steam dragon

Vanquished Creatures
  A water moccasin (D:5)
  A sky beast (D:5)
  An ogre (D:4)
  2 scorpions
  An orc priest (D:3)
  2 hounds (D:4)
  Jessica (D:2)
  An iguana (D:6)
  4 gnolls (D:6)
  4 adders
  2 shadow imps (D:6)
  A white imp (D:5)
  2 ufetubi (D:5)
  A worm (D:2)
  2 dart slugs
  5 orcs (D:3)
  4 bats
  9 endoplasms
  5 giant cockroaches
  9 goblins
  5 hobgoblins
  3 jackals (D:3)
  4 quokkas
  6 ball pythons
  5 frilled lizards
  10 kobolds
  6 rats
97 creatures vanquished.

Vanquished Creatures (others)
  276 foxfires
276 creatures vanquished.

Grand Total: 373 creatures vanquished

Table legend:
 A = Non-vault XP
 B = Vault XP
 C = Vault XP percentage of total XP
 D = Non-vault monster count
 E = Vault monster count
 F = Vault count percentage of total count
                 A         B        C        D         E       F
            +---------+---------+-------+---------+---------+-------
      Total |    1038 |      38 |   3.5 |      95 |       2 |   2.1
            +---------+---------+-------+---------+---------+-------
        D:1 |      38 |       0 |   0.0 |      24 |       0 |   0.0
        D:2 |      30 |      37 |  55.2 |      14 |       1 |   6.7
        D:3 |     114 |       0 |   0.0 |      27 |       0 |   0.0
        D:4 |     237 |       1 |   0.4 |      13 |       1 |   7.1
        D:5 |     416 |       0 |   0.0 |       9 |       0 |   0.0
        D:6 |     203 |       0 |   0.0 |       8 |       0 |   0.0
            +---------+---------+-------+---------+---------+-------

Illustrated notes

Table legend:
 A = Kills in this place as a percentage of kills in entire the game.
 B = Kills by you in this place as a percentage of kills by you in the entire game.
 C = Kills by friends in this place as a percentage of kills by friends in the entire game.
 D = Other kills in this place as a percentage of other kills in the entire game.
 E = Experience gained in this place as a percentage of experience gained in the entire game.
 F = Experience gained in this place divided by the number of levels of this place that you have seen.
                   A       B       C       D       E      F
               +-------+-------+-------+-------+-------+----------------------
         Total | 100.0 | 100.0 |   N/A |   N/A | 100.0 | 153.7
       Dungeon | 100.0 | 100.0 |   N/A |   N/A | 100.0 | 179.3
               +-------+-------+-------+-------+-------+----------------------

Table legend: (Time is in decaauts)
 A = Elapsed time spent in this place.
 B = Non-inter-level travel time spent in this place.
 C = Inter-level travel time spent in this place.
 D = Time resting spent in this place.
 E = Time spent auto-exploring this place.
 F = Levels seen in this place.
 G = Mean time per level.
                   A        B        C        D        E       F      G
               +--------+--------+--------+--------+--------+-----+--------+
         Total |   5253 |   5118 |    135 |      0 |   4313 |   7 |  750.4 |
       Dungeon |   5182 |   5066 |    116 |      0 |   4276 |   6 |  863.7 |
        Temple |     70 |     52 |     18 |      0 |     37 |   1 |   70.0 |
               +--------+--------+--------+--------+--------+-----+--------+

Top non-repeatable levels by time:
     D:5: 1381 daAuts
     D:3: 1119 daAuts
     D:2: 865 daAuts
     D:1: 779 daAuts
     D:4: 623 daAuts
     D:6: 413 daAuts
  Temple: 70 daAuts
